 Dungeon Crawl Stone Soup version 0.31.0-11-ge490571c62 (webtiles) character file.

Game seed: 18004900905555431078

39 qw the Shooter (level 3, 0/18 HPs)
             Began as a Spriggan Hunter on Feb 4, 2024.
             Succumbed to their own poison gas
             ... on level 2 of the Dungeon.
             The game lasted 00:00:03 (1503 turns).

qw the Shooter (Spriggan Hunter)                    Turns: 1503, Time: 00:00:03

Health: 0/18       AC:  2    Str:  7    XL:     3   Next: 28%
Magic:  4/4        EV: 19    Int: 10    God:
Gold:   752        SH:  0    Dex: 20    Spells: 2/2 levels left

rFire   . . .        a - +0 shortbow
rCold   . . .        (shield currently unavailable)
rNeg    . . .        c - +0 robe
rPois   .            (helmet restricted)
rElec   .            (no cloak)
rCorr   .            (gloves unavailable)
SInv    +            (boots unavailable)
Will    .....        (no amulet)
Stlth   ++           (no ring)
HPRegen 0.23/turn    (no ring)
MPRegen 0.09/turn

%: no passive effects
@: lethally poisoned (0 -> -3), very quick
A: very small, no large weapons, unfitting armour, see invisible, speed 3
a: no special abilities


You were on level 2 of the Dungeon.
You visited 1 branch of the dungeon, and saw 2 of its levels.

You collected 752 gold pieces.


Innate Abilities, Weirdness & Mutations

You are very small and have problems with some larger weapons.
You are too small for most types of armour.
You have supernaturally acute eyesight. (SInv)
You cover ground extremely quickly. (Speed+++)


   Skills:
 - Level 1.5 Fighting
 + Level 4.6 Ranged Weapons
 - Level 4.0 Dodging
 - Level 1.5 Stealth


You had 2 spell levels left.
You didn't know any spells.
Your spell library was empty.

Inventory:

Hand Weapons
 a - a +0 shortbow (weapon)
Armour
 c - a +0 robe (worn)
Potions
 d - a potion of haste {unknown}

Dungeon Overview and Level Annotations

Branches:
Dungeon (2/15)

Altars:

Shops:
D:1 !


Message History

Done exploring.
1493 ||| READING scroll labelled NUOPLYVYUF.
As you read the scroll labelled NUOPLYVYUF, it crumbles to dust.
You feel momentarily disoriented.
It was a scroll of revelation.
Done exploring.
1494 ||| READING scroll labelled DEMOBRE VIRA.
The air fills with toxic fumes!
As you read the scroll labelled DEMOBRE VIRA, it crumbles to dust.
It was a scroll of poison.
Done exploring.
What level of the Dungeon? (default 2, ? - help) Sorry, I don't know how to get there.
Enter note:
Enter note:
Enter note:
Enter note:
Enter note:
Enter note:
Enter note:
Enter note:
Enter note: You are engulfed in poison gas.
You are lethally poisoned!
You feel very sick.
1496 ||| Stepping ~*~*~tactically~*~*~ (cloud).
You feel sick.
There is a lethal amount of poison in your body!
You feel very sick.
There is a lethal amount of poison in your body!
You feel sick.
There is a lethal amount of poison in your body!
You feel sick.
There is a lethal amount of poison in your body!
You feel sick.
There is a lethal amount of poison in your body!
You feel sick.
There is a lethal amount of poison in your body!
You feel sick.
There is a lethal amount of poison in your body!
You die...

############### ###############
#######¤0....## #######¤####.##
##### #######¤####.## ....#
#######¤####.## ###.#
#######¤####.## ##### ###.#
##¤0000@####.## #.... .##.#
##0#########.## #.### ....#
##.#.........## #.#
.##########.#.###############.##
........###.#.##<..............#
.......).....<....###########..#
#######'###.#.###.###### #..#
#...##.#...#.###########..#
#......#.#.#.#.......<##..#


There were no monsters in sight!

Vanquished Creatures
  An adder (D:2)
  A dart slug (D:1)
  2 ribbon worms (D:2)
  A bat (D:1)
  3 endoplasms (D:1)
  A giant cockroach (D:2)
  2 goblins (D:2)
  3 hobgoblins
  A quokka (D:1)
  4 frilled lizards
  A kobold (D:1)
  4 rats
24 creatures vanquished.

Notes
Turn   | Place    | Note
-------+----------+-------------------------------------------
     0 | D:1      | qw the Spriggan Hunter began the quest for the Orb.
     0 | D:1      | Reached XP level 1. HP: 10/10 MP: 2/2
     0 | D:1      | 0 ||| qw: Version: 0.3-a-160-g6735b56
     0 | D:1      | 0 ||| qw: Game counter: 5158
     0 | D:1      | 0 ||| qw: Melee chars always use a shield: true
     0 | D:1      | 0 ||| qw: God list: Okawaru
     0 | D:1      | 0 ||| qw: Allow faded altars: false
     0 | D:1      | 0 ||| qw: Do Orc after clearing Dungeon:15 true
     0 | D:1      | 0 ||| qw: Do second Lair branch before Depths: true
     0 | D:1      | 0 ||| qw: Lair rune preference: random
     0 | D:1      | 0 ||| qw: Goals: Normal
     0 | D:1      | 0 ||| PLANNING D:1-11
   122 | D:1      | Reached skill level 3 in Dodging
   246 | D:1      | Reached XP level 2. HP: 14/14 MP: 3/3
   336 | D:1      | Found a faded altar of an unknown god.
   357 | D:1      | Found Hupluemeis's Distillery.
   362 | D:1      | 362 ||| SHOPLISTING potion of curing (36 gold, have 24).
   362 | D:1      | 362 ||| SHOPLISTING potion of haste (120 gold, have 24).
   362 | D:1      | 362 ||| SHOPLISTING potion of heal wounds (60 gold, have
                  | 24).
   362 | D:1      | 362 ||| SHOPLISTING potion of might (48 gold, have 24).
   362 | D:1      | 362 ||| SHOPLISTING potion of resistance (120 gold, have
                  | 24).
   849 | D:1      | 849 ||| READING scroll labelled VIOCEA IDICOQE.
   849 | D:1      | Identified a scroll of acquirement
   849 | D:1      | 849 ||| ACQUIRING 618 gold pieces
   849 | D:1      | Acquired 618 gold pieces
   851 | D:1      | 851 ||| DROPPING scroll of butterflies.
  1055 | D:2      | Reached XP level 3. HP: 18/18 MP: 4/4
  1493 | D:2      | 1493 ||| READING scroll labelled NUOPLYVYUF.
  1494 | D:2      | 1494 ||| READING scroll labelled DEMOBRE VIRA.
  1496 | D:2      | 1496 ||| Stepping ~*~*~tactically~*~*~ (cloud).
  1499 | D:2      | HP: 4/18 [poisoned by you (poison gas)]
  1502 | D:2      | HP: 1/18 [poisoned by you (poison gas)]
  1503 | D:2      | Succumbed to their own poison gas

Levels and vault maps discovered:
D:1:      kilobyte_arrival_exit_the_forest, layout_basic, serial_shops,
          shop_statue, chequers_ecumenical_altar_simple
D:2:      layout_basic, interstate_on_off

Skill      XL: |  1  2 |
---------------+-------+-----
Dodging        | 3 4 |  4.0
Fighting       | |  1.5
Ranged Weapons | |  4.6
Stealth        | |  1.5

Action                     || total
---------------------------++-------
   Fire: Shortbow          ||    66
    Use: Scroll            ||     3
 Armour: Robe              ||     8
  Dodge: Dodged            ||    17

Table legend:
 A = Non-vault XP
 B = Vault XP
 C = Vault XP percentage of total XP
 D = Non-vault monster count
 E = Vault monster count
 F = Vault count percentage of total count
                 A         B        C        D         E       F
            +---------+---------+-------+---------+---------+-------
      Total |      57 |       0 |   0.0 |      24 |       0 |   0.0
            +---------+---------+-------+---------+---------+-------
        D:1 |      25 |       0 |   0.0 |      15 |       0 |   0.0
        D:2 |      32 |       0 |   0.0 |       9 |       0 |   0.0
            +---------+---------+-------+---------+---------+-------
